 Dungeon Sprint DCSS version 0.20-a0-2-g2b0e13a (console) character file.

333 Blackmore the Thaumaturge (level 6, 0/32 HPs)
             Began as a Deep Elf Ice Elementalist on Oct 27, 2016.
             Was an Initiate of Sif Muna.
             Killed from afar by a necromancer (13 damage)
             ... with a bolt of cold
             ... in the Dungeon (Sprint III: "The Ten Rune Challenge").
             The game lasted 00:03:55 (885 turns).

Blackmore the Thaumaturge (DEIE)                     Turns: 885, Time: 00:03:55

Health: 0/32       AC:  2    Str:  5    XL:     6   Next: 27%
Magic:  7/22       EV: 14    Int: 22    God:    Sif Muna [......]
Gold:   6          SH:  0    Dex: 15    Spells: 5 memorised, 13 levels left

rFire  . . .     SeeInvis .     u - +1 long sword (holy)
rCold  . . .     Gourm    .     a - +0 robe
rNeg   . . .     Faith    .     (no shield)
rPois  .         Spirit   .     (no helmet)
rElec  .         Reflect  .     (no cloak)
rCorr  .         Harm     .     (no gloves)
MR     .....     NoTele   +     (no boots)
Stlth  ++........               (no amulet)
                                (no ring)
                                (no ring)

@: no status effects
A: no striking features
a: Renounce Religion


You were in the Dungeon.
You worshipped Sif Muna.
Sif Muna was noncommittal.
You were not hungry.

You visited 1 branch You collected 6 gold pieces.

Inventory:

Hand Weapons
 u - a +1 long sword of holy wrath (weapon)
Armour
 a - a +0 robe (worn)
Scrolls
 i - a scroll of blinking
 m - a scroll of holy word {unknown}
 n - 3 scrolls of identify
 o - 4 scrolls of remove curse
 r - a scroll of torment {unknown}
Potions
 d - 2 potions of curing
 e - 2 potions of heal wounds
 f - 2 potions of haste
 g - 2 potions of magic
 h - a potion of berserk rage
 j - a potion of lignification {unknown}
 l - 2 potions of mutation {unknown}
 q - 3 potions of cure mutation
 t - 2 potions of flight
Books
 b - a book of Frost

   Spells                             Type                      Level
   a - Freeze                         Ice                          1
   b - Throw Frost                    Conjuration/Ice              2
   c - Ozocubu's Armour               Charms/Ice                   3
   d - Throw Icicle                   Conjuration/Ice              4
   e - Summon Ice Beast               Ice/Summoning                4
 v - a book of Cantrips

   Spells                             Type                      Level
   a - Confusing Touch                Hexes                        1
   b - Animate Skeleton               Necromancy                   1
   c - Summon Small Mammal            Summoning                    1
   d - Apportation                    Translocation                1
Comestibles
 c - a bread ration
 p - a meat ration
 s - a royal jelly


   Skills:
 + Level 4.5 Dodging
 + Level 3.4 Stealth
 * Level 11.1 Spellcasting
 + Level 1.9 Conjurations
 + Level 1.4 Summonings
 * Level 10.7 Ice Magic


You had 13 spell levels left.
You knew the following spells:

 Your Spells              Type           Power        Failure   Level  Hunger
a - Freeze                Ice            ####         1%          1    None
b - Throw Frost           Conj/Ice       #####.       1%          2    None
c - Ozocubu's Armour      Chrm/Ice       #####...     1%          3    None
d - Throw Icicle          Conj/Ice       #####...     4%          4    #......
e - Summon Ice Beast      Ice/Summ       #####...     6%          4    #......


Dungeon Overview and Level Annotations

Branches:
Dungeon (1/1)

Altars:
Dithmenos
Elyvilon
Kikubaaqudgha
Ru
Sif Muna
Vehumet
Yredelemnul
Zin
The Shining One


Message History

t - Shout!
Orders for allies: a - Attack new target. r - Retreat! s - Stop attacking. g - Guard the area. f - Follow me.
Anything else - Cancel.
Gang up on whom?
Press: ? - help, Dir - move target cursor, f - necromancer
Aim: a necromancer, wielding a dagger and wearing a robe Attack!
The necromancer points at you and mumbles some strange words.
The bolt of cold hits your ice beast.
Your ice beast completely resists.
The bolt of cold hits you!
Ouch! That really hurt!
Your ice beast hits the necromancer.
Your ice beast freezes the necromancer.
The necromancer points at you and mumbles some strange words.
The bolt of cold hits your ice beast.
Your ice beast completely resists.
The bolt of cold hits you!
You die...

▓▓▓ ▓▓▓ ..♣ ♣.#####
### ..♣♣♣ ♣.#___# __#
..♣.♣ ♣.#...# n_#
..≈♣♣♣ ♣.###'#+###p##
.≈≈♣.. ♣.#......@YY.#
≈≈≈≈♣♣♣♣.'.⌠.....Y..#
≈≈≈≈≈≈♣♣.#...######+#
≈≈≈≈≈....#.⌠.#
≈≈≈≈.....#...#
≈≈.......#)###
.........#:Y.#
.........#___#
▓▓▓▓▓▓▓▓▓▓▓▓▓▓


You could see a necromancer and 3 friendly ice beasts.

Vanquished Creatures
  Crazy Yiuf (D)
  Jessica (D)
  A human (D)
  2 oozes (D)
  A rat (D)
6 creatures vanquished.

Vanquished Creatures (collateral kills)
  A deep elf mage (D)
  A water elemental (D)
  A wizard (D)
  A kobold demonologist (D)
4 creatures vanquished.

Vanquished Creatures (others)
  2 draconian scorchers (D)
  A yaktaur (D)
  6 hellions (D)
9 creatures vanquished.

Grand Total: 19 creatures vanquished

Notes
Turn   | Place    | Note
-------+----------+-------------------------------------------
     0 | D        | Blackmore the Deep Elf Ice Elementalist began the quest for the Orb.
     0 | D        | Reached XP level 1. HP: 10/10 MP: 6/6
     9 | D        | Reached skill level 4 in Spellcasting
     9 | D        | Reached XP level 2. HP: 3/15 MP: 0/9
    13 | D        | Learned a level 2 spell: Throw Frost
    92 | D        | Killed a yaktaur
    97 | D        | Killed a hellion
   109 | D        | Killed a hellion
   109 | D        | Killed a hellion
   110 | D        | Killed a hellion
   130 | D        | Killed a hellion
   190 | D        | Killed a white draconian scorcher
   194 | D        | Killed a white draconian scorcher
   197 | D        | Killed a hellion
   246 | D        | Noticed Jessica
   249 | D        | Killed Jessica
   249 | D        | Reached skill level 5 in Spellcasting
   249 | D        | Reached XP level 3. HP: 19/19 MP: 7/11
   255 | D        | Learned a level 3 spell: Ozocubu's Armour
   306 | D        | Reached skill level 6 in Spellcasting
   461 | D        | Noticed Crazy Yiuf
   467 | D        | Killed Crazy Yiuf
   467 | D        | Reached XP level 4. HP: 24/24 MP: 2/14
   554 | D        | Learned a level 4 spell: Throw Icicle
   563 | D        | Learned a level 4 spell: Summon Ice Beast
   566 | D        | Noticed a water elemental
   569 | D        | Killed a water elemental
   569 | D        | Reached skill level 7 in Spellcasting
   574 | D        | Found a glowing silver altar of Zin.
   575 | D        | Found a glowing golden altar of the Shining One.
   575 | D        | Found a white marble altar of Elyvilon.
   575 | D        | Noticed a deep elf mage
   581 | D        | Killed a deep elf mage
   581 | D        | Reached skill level 10 in Spellcasting
   581 | D        | Reached skill level 1 in Summonings
   581 | D        | Reached skill level 10 in Ice Magic
   581 | D        | Reached XP level 5. HP: 25/28 MP: 2/20
   581 | D        | Reached XP level 6. HP: 29/32 MP: 2/21
   694 | D        | Found a radiant altar of Vehumet.
   695 | D        | Found a deep blue altar of Sif Muna.
   699 | D        | Noticed a soul eater
   701 | D        | Reached skill level 11 in Spellcasting
   707 | D        | Found an ancient bone altar of Kikubaaqudgha.
   720 | D        | Became a worshipper of Sif Muna the Loreminder
   882 | D        | Found a basalt altar of Yredelemnul.
   882 | D        | Found a shadowy altar of Dithmenos.
   882 | D        | Found a sacrificial altar of Ru.
   885 | D        | Killed from afar by a necromancer

Vault maps used:
D:        dungeon_sprint_mu

Skill      XL: |  1  2  3  4  5  6 |
---------------+-------------------+-----
Ice Magic      | 4 6 7 10 | 10.7
Spellcasting   | 4 5 6 10 11 | 11.1
Dodging        | 3 4 |  4.5
Stealth        | 3 |  3.4
Summonings     | 1 |  1.4
Conjurations   | |  1.9

Action                   |  1- 3 |  4- 6 || total
-------------------------+-------+-------++-------
 Cast: Freeze            |    13 |       ||    13
       Throw Frost       |     7 |     2 ||     9
       Summon Ice Beast  |       |    10 ||    10
Dodge: Dodged            |     7 |       ||     7
